Red Wings vs Blackhawks
(R1)
Created - 24 octobre 2014 at 19:01
Goals
|
| Red Wings |
0 |
1 |
1 |
2 |
| Blackhawks |
0 |
1 |
4 |
5 |
|
Shots
|
| Red Wings |
11 |
6 |
8 |
25 |
| Blackhawks |
9 |
9 |
13 |
31 |
|
1st period
No Goal
Penalties :
Roberto Luongo (Chi) for Slashing (Double Minor) at 2:15 - George Parros served the penalty, Sean Bergenheim (Det) for Cross-checking (Minor) at 3:22, Chris Campoli (Chi) for Hooking (Minor) at 14:29
2nd period
1. Red Wings , Robert Dome 6 (Maxim Kondratiev, Richard Jackman) at 12:35
2. Blackhawks , George Parros 2 (Chris Campoli, Chris Higgins) at 18:07
Penalties :
Jeff Schultz (Chi) for Cross-checking (Minor) at 2:17, Shawn Horcoff (Det) for Hooking (Minor) at 8:21, Paul Martin (Det) for Roughing (Minor) at 8:41, Kris Versteeg (Chi) for Tripping (Minor) at 13:23, Wes O'Neill (Chi) for Interference (Minor) at 13:27
3rd period
3. Red Wings , Mike Richards 8 (Paul Martin) at 0:46
4. Blackhawks , Dominic Moore 6 (Chris Higgins) at 1:36
5. Blackhawks , Robert Nilsson 9 (Henrik Zetterberg, Chris Campoli) at 1:46
6. Blackhawks , Oleg Kvasha 1 (Daniel Carcillo, Sheldon Keefe) at 7:55
7. Blackhawks , Henrik Zetterberg 12 (Robert Nilsson) at 13:33
Penalties :
Scott Gomez (Chi) for Tripping (Minor) at 2:22, Steve Bernier (Chi) for Slashing (Minor) at 8:33
Goalie Stats
Jonathan Quick (Det), 26 saves from 31 shots - (0,839), L, 5-4-1, 60:00 minutes
Roberto Luongo (Chi), 23 saves from 25 shots - (0,920), W, 10-1-2, 60:00 minutes
Players Stats for Red Wings
Player Name G A P +/- PIM S H SB GA TA FO MP PP MP PK MP
------------------------------------------------------------------------------------
Brian Sutherby 0 0 0 -2 0 1 0 1 1 0 1/3 7:59 0:00 0:09
Carson Mcmillan 0 0 0 -2 0 1 1 0 0 0 0/0 7:41 0:00 0:00
Christian Laflamme 0 0 0 -1 0 0 0 1 0 1 0/0 14:16 0:00 1:12
Jason Spezza 0 0 0 -2 0 2 2 0 0 0 21/37 23:13 5:54 1:19
Lee Stempniak 0 0 0 0 0 0 3 0 0 0 0/1 9:33 0:18 0:00
Martin Havlat 0 0 0 -2 0 2 1 0 2 0 0/3 21:02 6:06 0:00
Maxim Kondratiev 0 1 1 -1 0 0 0 0 0 1 0/0 16:58 5:11 0:47
Michal Grosek 0 0 0 -2 0 1 0 0 0 0 0/0 8:03 0:22 0:00
Mike Brown 0 0 0 1 0 1 1 1 0 0 0/1 17:10 5:28 0:00
Mike Richards 1 0 1 1 0 1 2 0 0 0 7/9 18:11 5:15 0:19
Ossi Vaananen 0 0 0 -1 0 1 0 0 0 0 0/0 14:16 0:00 0:12
Paul Martin 0 1 1 -1 2 2 1 1 0 0 0/0 27:40 6:48 0:19
Richard Jackman 0 1 1 -1 0 1 0 0 1 0 0/0 17:51 5:11 0:35
Rick Nash 0 0 0 -2 0 3 5 0 2 0 1/1 22:57 6:09 0:35
Robert Dome 1 0 1 0 0 3 1 0 2 0 0/1 10:07 0:00 0:32
Sean Bergenheim 0 0 0 1 2 1 3 0 0 0 0/0 17:16 5:34 0:00
Shawn Horcoff 0 0 0 0 2 3 2 0 0 0 1/4 10:40 0:50 0:05
Shea Weber 0 0 0 -1 0 2 2 1 0 0 0/0 29:07 6:48 1:32
Players Stats for Blackhawks
Player Name G A P +/- PIM S H SB GA TA FO MP PP MP PK MP
------------------------------------------------------------------------------------
Alexander Sulzer 0 0 0 2 0 0 1 0 0 0 0/0 12:18 0:00 0:57
Chris Campoli 0 2 2 2 2 0 1 2 0 1 0/0 23:55 0:58 3:55
Chris Higgins 0 2 2 0 0 1 1 0 0 0 0/0 11:05 0:30 0:52
Daniel Carcillo 0 1 1 1 0 1 1 0 0 0 0/1 8:16 0:26 1:49
Dominic Moore 1 0 1 0 0 1 2 1 0 1 7/12 15:40 0:00 6:31
George Parros 1 0 1 0 0 2 1 0 0 0 0/0 8:57 0:00 0:00
Henrik Zetterberg 1 1 2 2 0 3 3 1 1 0 0/0 17:24 1:21 0:00
Jamie Langenbrunner 0 0 0 0 0 1 2 0 0 0 0/0 18:20 1:25 3:17
Jeff Schultz 0 0 0 -1 2 0 3 1 0 1 0/0 18:50 0:00 4:56
John Carlson 0 0 0 -1 0 1 3 0 0 1 0/0 19:26 1:21 3:07
Johnny Oduya 0 0 0 2 0 2 2 1 0 3 0/0 25:43 0:00 5:02
Kris Versteeg 0 0 0 0 2 4 2 0 0 0 0/0 15:13 1:23 0:06
Oleg Kvasha 1 0 1 1 0 5 0 0 0 0 4/4 5:55 0:00 0:04
Robert Nilsson 1 1 2 2 0 2 1 0 0 1 15/34 21:26 1:25 3:39
Scott Gomez 0 0 0 0 2 3 3 0 1 0 3/9 15:09 0:54 0:06
Sheldon Keefe 0 1 1 1 0 4 2 1 0 0 0/0 11:36 0:00 5:39
Steve Bernier 0 0 0 2 2 1 3 0 0 0 0/0 15:51 0:54 0:00
Wes O'Neill 0 0 0 2 2 0 0 1 0 0 0/0 18:57 0:58 6:00
3 Stars
1 - Henrik Zetterberg (Chi)
2 - Robert Nilsson (Chi)
3 - Mike Richards (Det)
Power Play
Red Wings - 0 on 7 Attempt(s) - 0,00%
Blackhawks - 0 on 3 Attempt(s) - 0,00%
Penalty Kill
Red Wings - 3 on 3 Attempt(s) - 100,00%
- Score 0 goal in Penalty Kill
Blackhawks - 7 on 7 Attempt(s) - 100,00%
- Score 0 goal in Penalty Kill
Official
Referees : O'Rourke Dan and Martell Rob
Linesman : Brian Murphy and Scott Cherrey
Game Notes
No Game Note
Finance
Level 1 -- Attendance: 5870 (97,83%) -- Ticket Income 516 560 $
Level 2 -- Attendance: 5000 (100,00%) -- Ticket Income 265 000 $
Level 3 -- Attendance: 1458 (72,90%) -- Ticket Income 49 572 $
Level 4 -- Attendance: 3468 (86,70%) -- Ticket Income 76 296 $
Luxury Box -- Attendance: 1000 (100,00%) -- Ticket Income 165 000 $
Game was played at the Chicago Stadium
Total Attendance: 16796 (93,31%)
Total Ticket Income: 1 072 428 $
Other Income: 160 864 $
Total Income: 1 233 292 $
Red Wings
5 vs 5 Forward
Center Left Wing Right Wing Time % Phy DF OF
1 Jason Spezza Rick Nash Martin Havlat 40 1 2 2
2 Mike Richards Sean Bergenheim Mike Brown 30 1 2 2
3 Shawn Horcoff Robert Dome Lee Stempniak 20 1 2 2
4 Brian Sutherby Michal Grosek Carson Mcmillan 10 1 2 2
5 vs 5 Defense
Defense Defense Time % Phy DF OF
1 Shea Weber Paul Martin 40 1 2 2
2 Ossi Vaananen Christian Laflamme 30 1 2 2
3 Maxim Kondratiev Richard Jackman 20 1 2 2
4 Richard Jackman Shea Weber 10 1 2 2
PowerPlay Forward
Center Left Wing Right Wing Time % Phy DF OF
1 Jason Spezza Rick Nash Martin Havlat 60 1 2 2
2 Mike Richards Sean Bergenheim Mike Brown 40 1 2 2
PowerPlay Defense
Defense Defense Time % Phy DF OF
1 Shea Weber Paul Martin 60 1 2 2
2 Richard Jackman Maxim Kondratiev 40 1 2 2
Penalty Kill 4 Players Forward
Center Wing Time % Phy DF OF
1 Jason Spezza Rick Nash 60 1 2 2
2 Mike Richards Sean Bergenheim 40 1 2 2
Penalty Kill 4 Players Defense
Defense Defense Time % Phy DF OF
1 Shea Weber Paul Martin 60 1 2 2
2 Ossi Vaananen Christian Laflamme 40 1 2 2
Penalty Kill - 3 Players Forward
Forward Time % Phy DF OF
1 Jason Spezza 60 1 2 2
2 Mike Richards 40 1 2 2
Penalty Kill - 3 Players Defense
Defense Defense Time % Phy DF OF
1 Shea Weber Paul Martin 60 1 2 2
2 Ossi Vaananen Christian Laflamme 40 1 2 2
4 vs 4 Forward
Center Wing Time % Phy DF OF
1 Jason Spezza Rick Nash 60 1 2 2
2 Mike Richards Sean Bergenheim 40 1 2 2
4 vs 4 Defense
Defense Defense Time % Phy DF OF
1 Shea Weber Paul Martin 60 1 2 2
2 Richard Jackman Maxim Kondratiev 40 1 2 2
Last Minutes Offensive
Center Left Wing Right Wing Defense Defense
Jason Spezza Rick Nash Martin Havlat Shea Weber Paul Martin
Last Minutes Defensive
Center Left Wing Right Wing Defense Defense
Jason Spezza Rick Nash Martin Havlat Shea Weber Paul Martin
Goaltenders
Starting : Jonathan Quick
Backup : Scott Clemmensen
Extra Forwards
Normal : Shawn Horcoff, Sean Bergenheim, Robert Dome - PP : Shawn Horcoff, Mike Brown - PK : Robert Dome
Extra Defensemen
Normal : Maxim Kondratiev, Ossi Vaananen, Richard Jackman - PP : Maxim Kondratiev - PK : Christian Laflamme, Richard Jackman
Penalty Shots
Jason Spezza, Rick Nash, Mike Richards, Martin Havlat, Sean Bergenheim
Blackhawks
5 vs 5 Forward
Center Left Wing Right Wing Time % Phy DF OF
1 Robert Nilsson Henrik Zetterberg Steve Bernier 40 1 2 2
2 Scott Gomez Kris Versteeg Jamie Langenbrunner 30 1 2 2
3 Dominic Moore Chris Higgins George Parros 20 1 2 2
4 Oleg Kvasha Daniel Carcillo Sheldon Keefe 10 1 2 2
5 vs 5 Defense
Defense Defense Time % Phy DF OF
1 Johnny Oduya Chris Campoli 40 1 2 2
2 Jeff Schultz John Carlson 30 1 2 2
3 Wes O'Neill Alexander Sulzer 20 1 2 2
4 Johnny Oduya Chris Campoli 10 1 2 2
PowerPlay Forward
Center Left Wing Right Wing Time % Phy DF OF
1 Robert Nilsson Kris Versteeg Jamie Langenbrunner 60 1 1 3
2 Scott Gomez Kris Versteeg Steve Bernier 40 1 1 3
PowerPlay Defense
Defense Defense Time % Phy DF OF
1 John Carlson Henrik Zetterberg 60 1 1 3
2 Chris Campoli Wes O'Neill 40 1 1 3
Penalty Kill 4 Players Forward
Center Wing Time % Phy DF OF
1 Dominic Moore Sheldon Keefe 60 1 2 2
2 Robert Nilsson Jamie Langenbrunner 40 1 2 2
Penalty Kill 4 Players Defense
Defense Defense Time % Phy DF OF
1 Jeff Schultz Wes O'Neill 60 1 2 2
2 Chris Campoli Johnny Oduya 40 1 2 2
Penalty Kill - 3 Players Forward
Forward Time % Phy DF OF
1 Dominic Moore 60 1 2 2
2 Robert Nilsson 40 1 2 2
Penalty Kill - 3 Players Defense
Defense Defense Time % Phy DF OF
1 Johnny Oduya John Carlson 60 1 2 2
2 Chris Campoli Wes O'Neill 40 1 2 2
4 vs 4 Forward
Center Wing Time % Phy DF OF
1 Robert Nilsson Henrik Zetterberg 60 1 2 2
2 Scott Gomez Kris Versteeg 40 1 2 2
4 vs 4 Defense
Defense Defense Time % Phy DF OF
1 Johnny Oduya Chris Campoli 60 1 2 2
2 Jeff Schultz Wes O'Neill 40 1 2 2
Last Minutes Offensive
Center Left Wing Right Wing Defense Defense
Robert Nilsson Henrik Zetterberg Kris Versteeg Johnny Oduya John Carlson
Last Minutes Defensive
Center Left Wing Right Wing Defense Defense
Robert Nilsson Kris Versteeg Jamie Langenbrunner Wes O'Neill Jeff Schultz
Goaltenders
Starting : Roberto Luongo
Backup : Jocelyn Thibault
Extra Forwards
Normal : Kris Versteeg, Dominic Moore, Chris Higgins - PP : Chris Higgins, Daniel Carcillo - PK : Daniel Carcillo
Extra Defensemen
Normal : Wes O'Neill, John Carlson, Chris Campoli - PP : Alexander Sulzer - PK : John Carlson, Alexander Sulzer
Penalty Shots
Henrik Zetterberg, Robert Nilsson, Kris Versteeg, Scott Gomez, Jamie Langenbrunner
% Time on Ice - Red Wings
Lines # - Real PCT - Wanted PCT - Time Play
Normal Forward
1 - 35% - 40% - 15:09
2 - 27% - 30% - 11:42
3 - 21% - 20% - 9:11
4 - 18% - 10% - 7:41
Normal Defense
1 - 44% - 40% - 19:10
2 - 33% - 30% - 14:26
3 - 20% - 20% - 8:53
4 - 3% - 10% - 1:14
PP Forward
1 - 54% - 60% - 6:31
2 - 46% - 40% - 5:28
PP Defense
1 - 57% - 60% - 6:48
2 - 43% - 40% - 5:11
PK Forward
1 - 100% - 60% - 0:40
2 - 0% - 40% - 0:00
PK Defense
1 - 100% - 60% - 0:40
2 - 0% - 40% - 0:00
PK3 Forward
1 - 81% - 60% - 1:20
2 - 19% - 40% - 0:19
PK3 Defense
1 - 100% - 60% - 1:39
2 - 0% - 40% - 0:00
44 Forward
1 - 54% - 60% - 1:04
2 - 46% - 40% - 0:55
44 Defense
1 - 70% - 60% - 1:23
2 - 30% - 40% - 0:36
Last Minute Offensive - 0:00
Last Minute Defensive - 0:00
Total
Forward - 60:00
Defense - 60:00
|
% Time on Ice - Blackhawks
Lines # - Real PCT - Wanted PCT - Time Play
Normal Forward
1 - 36% - 40% - 15:48
2 - 31% - 30% - 13:46
3 - 20% - 20% - 8:43
4 - 12% - 10% - 5:26
Normal Defense
1 - 43% - 40% - 18:39
2 - 33% - 30% - 14:22
3 - 22% - 20% - 9:34
4 - 3% - 10% - 1:08
PP Forward
1 - 61% - 60% - 1:25
2 - 39% - 40% - 0:54
PP Defense
1 - 58% - 60% - 1:21
2 - 42% - 40% - 0:58
PK Forward
1 - 66% - 60% - 6:41
2 - 34% - 40% - 3:23
PK Defense
1 - 60% - 60% - 6:05
2 - 40% - 40% - 3:59
PK3 Forward
1 - 81% - 60% - 1:33
2 - 19% - 40% - 0:22
PK3 Defense
1 - 51% - 60% - 0:59
2 - 49% - 40% - 0:56
44 Forward
1 - 68% - 60% - 1:21
2 - 32% - 40% - 0:38
44 Defense
1 - 66% - 60% - 1:19
2 - 34% - 40% - 0:40
Last Minute Offensive - 0:00
Last Minute Defensive - 0:00
Total
Forward - 60:00
Defense - 60:00
|
Play by Play
1st period
0:01 of 1st period - Jason Spezza wins face-off versus Robert Nilsson in neutral zone.
0:04 of 1st period - Johnny Oduya is hit by Rick Nash and loses puck.
0:27 of 1st period - Mike Richards is hit by Jamie Langenbrunner and loses puck.
0:32 of 1st period - Wrist shot by Kris Versteeg.
0:32 of 1st period - Stopped by Jonathan Quick with a rebound.
0:34 of 1st period - Slapshot by Kris Versteeg.
0:34 of 1st period - Stopped by Jonathan Quick with a rebound.
0:36 of 1st period - Snap shot by Kris Versteeg.
0:36 of 1st period - Shot Misses the Net.
1:12 of 1st period - Off-side.
1:13 of 1st period - Oleg Kvasha wins face-off versus Jason Spezza in neutral zone.
1:16 of 1st period - Slapshot by Sheldon Keefe.
1:16 of 1st period - Stopped by Jonathan Quick without a rebound.
1:17 of 1st period - Robert Nilsson wins face-off versus Jason Spezza in Red Wings zone.
1:34 of 1st period - Martin Havlat is hit by Henrik Zetterberg and loses puck.
2:15 of 1st period - Wrist shot by Shawn Horcoff.
2:15 of 1st period - Stopped by Roberto Luongo without a rebound.
2:15 of 1st period - Double Minor Penalty to Roberto Luongo for Slashing.
2:16 of 1st period - Dominic Moore wins face-off versus Jason Spezza in Blackhawks zone.
2:47 of 1st period - Jeff Schultz is hit by Sean Bergenheim and loses puck.
3:22 of 1st period - Minor Penalty to Sean Bergenheim for Cross-checking.
3:23 of 1st period - Robert Nilsson wins face-off versus Jason Spezza in Red Wings zone.
3:50 of 1st period - Scott Gomez is hit by Mike Richards and loses puck.
4:52 of 1st period - Mike Richards is hit by Jeff Schultz and loses puck.
5:22 of 1st period - Penalty to Sean Bergenheim is over, Sean Bergenheim is back on ice.
5:24 of 1st period - Wrist shot by Kris Versteeg.
5:24 of 1st period - Shot Misses the Net.
6:15 of 1st period - Penalty to George Parros is over, George Parros is back on ice.
6:28 of 1st period - Wrist shot by Michal Grosek.
6:28 of 1st period - Deflect By Carson Mcmillan.
6:28 of 1st period - Stopped by Roberto Luongo without a rebound.
6:29 of 1st period - Scott Gomez wins face-off versus Lee Stempniak in Blackhawks zone.
6:34 of 1st period - Christian Laflamme is hit by Jeff Schultz and loses puck.
6:39 of 1st period - Wrist shot by Kris Versteeg.
6:39 of 1st period - Stopped by Jonathan Quick without a rebound.
6:40 of 1st period - Jason Spezza wins face-off versus Robert Nilsson in Red Wings zone.
6:40 of 1st period - Jason Spezza is hit by Robert Nilsson.
8:00 of 1st period - Slapshot by Henrik Zetterberg.
8:00 of 1st period - Stopped by Jonathan Quick with a rebound.
8:20 of 1st period - Snap shot by Robert Dome.
8:20 of 1st period - Stopped by Roberto Luongo with a rebound.
9:38 of 1st period - Wrist shot by Sheldon Keefe.
9:38 of 1st period - Stopped by Jonathan Quick with a rebound.
9:40 of 1st period - Snap shot by Sheldon Keefe.
9:40 of 1st period - Shot Misses the Net.
9:42 of 1st period - Snap shot by Johnny Oduya.
9:42 of 1st period - Stopped by Jonathan Quick with a rebound.
10:07 of 1st period - Icing by Jeff Schultz.
10:08 of 1st period - Robert Nilsson wins face-off versus Brian Sutherby in Blackhawks zone.
10:17 of 1st period - Robert Nilsson is hit by Shea Weber and loses puck.
10:28 of 1st period - Shea Weber is hit by Henrik Zetterberg.
10:40 of 1st period - Michal Grosek is hit by Kris Versteeg and loses puck.
10:53 of 1st period - Wrist shot by Michal Grosek.
10:53 of 1st period - Stopped by Roberto Luongo with a rebound.
11:03 of 1st period - Wrist shot by Scott Gomez.
11:03 of 1st period - Shot Misses the Net.
11:16 of 1st period - Off-side.
11:17 of 1st period - Rick Nash wins face-off versus Robert Nilsson in neutral zone.
11:32 of 1st period - Snap shot by Robert Nilsson.
11:32 of 1st period - Shot Misses the Net.
11:34 of 1st period - Wrist shot by Robert Nilsson.
11:34 of 1st period - Stopped by Jonathan Quick with a rebound.
12:49 of 1st period - Wes O'Neill is hit by Mike Brown and loses puck.
13:17 of 1st period - Chris Higgins is hit by Martin Havlat and loses puck.
14:05 of 1st period - Shea Weber is hit by Kris Versteeg and loses puck.
14:23 of 1st period - Paul Martin is hit by Dominic Moore and loses puck.
14:29 of 1st period - Minor Penalty to Chris Campoli for Hooking.
14:30 of 1st period - Dominic Moore wins face-off versus Jason Spezza in Blackhawks zone.
14:44 of 1st period - Slapshot by Jason Spezza.
14:44 of 1st period - Deflect By Martin Havlat.
14:44 of 1st period - Deflect By Jeff Schultz.
14:44 of 1st period - Stopped by Roberto Luongo with a rebound.
14:46 of 1st period - Snap shot by Rick Nash.
14:46 of 1st period - Stopped by Roberto Luongo with a rebound.
15:47 of 1st period - Icing by Sean Bergenheim.
15:48 of 1st period - Mike Richards wins face-off versus Dominic Moore in Red Wings zone.
15:48 of 1st period - Mike Richards is hit by Dominic Moore.
15:58 of 1st period - Backhand shot by Shea Weber.
15:58 of 1st period - Stopped by Roberto Luongo with a rebound.
16:14 of 1st period - Slapshot by Jamie Langenbrunner.
16:14 of 1st period - Shot Misses the Net.
16:29 of 1st period - Penalty to Chris Campoli is over, Chris Campoli is back on ice.
16:30 of 1st period - Chris Campoli is hit by Rick Nash.
16:46 of 1st period - Robert Nilsson is hit by Shawn Horcoff and loses puck.
16:59 of 1st period - Slapshot by Brian Sutherby.
16:59 of 1st period - Stopped by Roberto Luongo with a rebound.
17:08 of 1st period - Icing by Jamie Langenbrunner.
17:09 of 1st period - Mike Richards wins face-off versus Scott Gomez in Blackhawks zone.
17:16 of 1st period - Wrist shot by Paul Martin.
17:16 of 1st period - Stopped by Roberto Luongo with a rebound.
17:47 of 1st period - Wrist shot by Martin Havlat.
17:47 of 1st period - Stopped by Roberto Luongo without a rebound.
17:48 of 1st period - Jason Spezza wins face-off versus Robert Nilsson in Blackhawks zone.
18:54 of 1st period - Slapshot by Jamie Langenbrunner.
18:54 of 1st period - Stopped by Jonathan Quick without a rebound.
18:55 of 1st period - Scott Gomez wins face-off versus Brian Sutherby in Red Wings zone.
19:12 of 1st period - Slapshot by Shea Weber.
19:12 of 1st period - Stopped by Roberto Luongo without a rebound.
19:13 of 1st period - Jason Spezza wins face-off versus Robert Nilsson in Blackhawks zone.
Goals for this period are 0 for Red Wings vs 0 for Blackhawks.
Shots for this period are 11 for Red Wings vs 9 for Blackhawks.
2nd period
0:01 of 2nd period - Jason Spezza wins face-off versus Robert Nilsson in neutral zone.
0:14 of 2nd period - Wrist shot by Martin Havlat.
0:14 of 2nd period - Shot Hit the Post.
0:16 of 2nd period - Slapshot by Shea Weber.
0:16 of 2nd period - Shot Blocked by Johnny Oduya.
0:38 of 2nd period - Off-side.
0:39 of 2nd period - Robert Nilsson wins face-off versus Robert Dome in neutral zone.
0:53 of 2nd period - Off-side.
0:54 of 2nd period - Jason Spezza wins face-off versus Robert Nilsson in neutral zone.
1:19 of 2nd period - Snap shot by Dominic Moore.
1:19 of 2nd period - Shot Misses the Net.
1:21 of 2nd period - Slapshot by Jeff Schultz.
1:21 of 2nd period - Shot Misses the Net.
1:27 of 2nd period - Slapshot by George Parros.
1:27 of 2nd period - Stopped by Jonathan Quick without a rebound.
1:28 of 2nd period - Jason Spezza wins face-off versus Robert Nilsson in Red Wings zone.
1:28 of 2nd period - Jason Spezza is hit by Henrik Zetterberg.
2:17 of 2nd period - Minor Penalty to Jeff Schultz for Cross-checking.
2:18 of 2nd period - Jason Spezza wins face-off versus Dominic Moore in Blackhawks zone.
2:18 of 2nd period - Slapshot by Martin Havlat.
2:18 of 2nd period - Shot Blocked by Dominic Moore.
2:20 of 2nd period - Wrist shot by Paul Martin.
2:20 of 2nd period - Shot Misses the Net.
2:32 of 2nd period - Slapshot by Paul Martin.
2:32 of 2nd period - Stopped by Roberto Luongo with a rebound.
3:29 of 2nd period - Johnny Oduya is hit by Jason Spezza and loses puck.
4:17 of 2nd period - Penalty to Jeff Schultz is over, Jeff Schultz is back on ice.
5:39 of 2nd period - Johnny Oduya is hit by Lee Stempniak and loses puck.
6:21 of 2nd period - Slapshot by Richard Jackman.
6:21 of 2nd period - Shot Blocked by Jeff Schultz.
7:04 of 2nd period - Carson Mcmillan is hit by Steve Bernier and loses puck.
7:17 of 2nd period - Carson Mcmillan is hit by Chris Higgins and loses puck.
7:34 of 2nd period - Christian Laflamme is hit by Jamie Langenbrunner.
7:40 of 2nd period - Michal Grosek is hit by Steve Bernier and loses puck.
7:53 of 2nd period - Jeff Schultz is hit by Rick Nash.
8:21 of 2nd period - Minor Penalty to Shawn Horcoff for Hooking.
8:22 of 2nd period - Robert Nilsson wins face-off versus Jason Spezza in Red Wings zone.
8:26 of 2nd period - Slapshot by Henrik Zetterberg.
8:26 of 2nd period - Shot Misses the Net.
8:38 of 2nd period - Wrist shot by Kris Versteeg.
8:38 of 2nd period - Stopped by Jonathan Quick without a rebound.
8:39 of 2nd period - Jason Spezza wins face-off versus Robert Nilsson in Red Wings zone.
8:41 of 2nd period - Minor Penalty to Paul Martin for Roughing.
8:42 of 2nd period - Jason Spezza wins face-off versus Robert Nilsson in Red Wings zone.
9:15 of 2nd period - Shea Weber is hit by Chris Campoli and loses puck.
9:38 of 2nd period - Snap shot by Shea Weber.
9:38 of 2nd period - Shot Misses the Net.
9:40 of 2nd period - Wrist shot by Mike Richards.
9:40 of 2nd period - Shot Blocked by Chris Campoli.
9:42 of 2nd period - Slapshot by Shea Weber.
9:42 of 2nd period - Shot Misses the Net.
10:21 of 2nd period - Penalty to Shawn Horcoff is over, Shawn Horcoff is back on ice.
10:41 of 2nd period - Penalty to Paul Martin is over, Paul Martin is back on ice.
11:16 of 2nd period - Sheldon Keefe is hit by Paul Martin.
12:09 of 2nd period - Richard Jackman is hit by Sheldon Keefe and loses puck.
12:25 of 2nd period - Icing by Robert Dome.
12:26 of 2nd period - Shawn Horcoff wins face-off versus Dominic Moore in Red Wings zone.
12:26 of 2nd period - Robert Dome is hit by John Carlson and loses puck.
12:35 of 2nd period - Snap shot by Robert Dome.
12:35 of 2nd period - Goal by Robert Dome - Red Wings : 1 - Blackhawks : 0.
12:36 of 2nd period - Jason Spezza wins face-off versus Robert Nilsson in neutral zone.
12:39 of 2nd period - Henrik Zetterberg is hit by Rick Nash and loses puck.
13:02 of 2nd period - Mike Brown is hit by Johnny Oduya and loses puck.
13:09 of 2nd period - Snap shot by Scott Gomez.
13:09 of 2nd period - Stopped by Jonathan Quick without a rebound.
13:10 of 2nd period - Jason Spezza wins face-off versus Scott Gomez in Red Wings zone.
13:10 of 2nd period - Jason Spezza is hit by John Carlson.
13:23 of 2nd period - Minor Penalty to Kris Versteeg for Tripping.
13:24 of 2nd period - Jason Spezza wins face-off versus Dominic Moore in Blackhawks zone.
13:25 of 2nd period - Slapshot by Martin Havlat.
13:25 of 2nd period - Shot Blocked by Sheldon Keefe.
13:27 of 2nd period - Minor Penalty to Wes O'Neill for Interference.
13:28 of 2nd period - Dominic Moore wins face-off versus Martin Havlat in Blackhawks zone.
13:41 of 2nd period - John Carlson is hit by Shea Weber and loses puck.
15:23 of 2nd period - Penalty to Kris Versteeg is over, Kris Versteeg is back on ice.
15:27 of 2nd period - Penalty to Wes O'Neill is over, Wes O'Neill is back on ice.
15:29 of 2nd period - Rick Nash is hit by Sheldon Keefe and loses puck.
15:42 of 2nd period - Sheldon Keefe is hit by Jason Spezza and loses puck.
15:51 of 2nd period - Snap shot by Sheldon Keefe.
15:51 of 2nd period - Stopped by Jonathan Quick without a rebound.
15:52 of 2nd period - Robert Nilsson wins face-off versus Shawn Horcoff in Red Wings zone.
16:38 of 2nd period - Snap shot by Daniel Carcillo.
16:38 of 2nd period - Shot Blocked by Mike Brown.
16:40 of 2nd period - Wrist shot by Oleg Kvasha.
16:40 of 2nd period - Stopped by Jonathan Quick without a rebound.
16:41 of 2nd period - Oleg Kvasha wins face-off versus Mike Richards in Red Wings zone.
16:42 of 2nd period - Slapshot by Daniel Carcillo.
16:42 of 2nd period - Shot Blocked by Christian Laflamme.
16:44 of 2nd period - Wrist shot by Oleg Kvasha.
16:44 of 2nd period - Shot Misses the Net.
16:46 of 2nd period - Snap shot by Daniel Carcillo.
16:46 of 2nd period - Shot Misses the Net.
16:48 of 2nd period - Slapshot by Oleg Kvasha.
16:48 of 2nd period - Shot Misses the Net.
16:50 of 2nd period - Slapshot by Oleg Kvasha.
16:50 of 2nd period - Stopped by Jonathan Quick without a rebound.
16:51 of 2nd period - Mike Richards wins face-off versus Robert Nilsson in Red Wings zone.
16:58 of 2nd period - Snap shot by Sean Bergenheim.
16:58 of 2nd period - Stopped by Roberto Luongo without a rebound.
16:59 of 2nd period - Jason Spezza wins face-off versus Robert Nilsson in Blackhawks zone.
17:10 of 2nd period - Slapshot by Jason Spezza.
17:10 of 2nd period - Stopped by Roberto Luongo with a rebound.
17:24 of 2nd period - Robert Nilsson is hit by Lee Stempniak and loses puck.
17:49 of 2nd period - Slapshot by John Carlson.
17:49 of 2nd period - Stopped by Jonathan Quick with a rebound.
17:59 of 2nd period - Snap shot by Scott Gomez.
17:59 of 2nd period - Stopped by Jonathan Quick without a rebound.
18:00 of 2nd period - Dominic Moore wins face-off versus Jason Spezza in Red Wings zone.
18:03 of 2nd period - Snap shot by George Parros.
18:03 of 2nd period - Shot Misses the Net.
18:05 of 2nd period - Backhand shot by Chris Campoli.
18:05 of 2nd period - Shot Misses the Net.
18:07 of 2nd period - Slapshot by George Parros.
18:07 of 2nd period - Goal by George Parros - Red Wings : 1 - Blackhawks : 1.
18:08 of 2nd period - Jason Spezza wins face-off versus Robert Nilsson in neutral zone.
18:35 of 2nd period - Shea Weber is hit by George Parros.
18:49 of 2nd period - Wrist shot by Jason Spezza.
18:49 of 2nd period - Stopped by Roberto Luongo with a rebound.
19:27 of 2nd period - Snap shot by Jason Spezza.
19:27 of 2nd period - Shot Misses the Net.
19:35 of 2nd period - Wrist shot by Jason Spezza.
19:35 of 2nd period - Shot Misses the Net.
19:37 of 2nd period - Slapshot by Richard Jackman.
19:37 of 2nd period - Deflect By Kris Versteeg.
19:37 of 2nd period - Stopped by Roberto Luongo without a rebound.
19:38 of 2nd period - Robert Nilsson wins face-off versus Mike Brown in Blackhawks zone.
19:38 of 2nd period - Robert Nilsson is hit by Sean Bergenheim.
19:44 of 2nd period - Snap shot by Robert Nilsson.
19:44 of 2nd period - Shot Blocked by Shea Weber.
Goals for this period are 1 for Red Wings vs 1 for Blackhawks.
Shots for this period are 6 for Red Wings vs 9 for Blackhawks.
3rd period
0:01 of 3rd period - Robert Nilsson wins face-off versus Jason Spezza in neutral zone.
0:25 of 3rd period - Paul Martin is hit by Scott Gomez and loses puck.
0:36 of 3rd period - Icing by Shea Weber.
0:37 of 3rd period - Dominic Moore wins face-off versus Mike Richards in Red Wings zone.
0:46 of 3rd period - Snap shot by Mike Richards.
0:46 of 3rd period - Goal by Mike Richards - Red Wings : 2 - Blackhawks : 1.
0:47 of 3rd period - Jason Spezza wins face-off versus Robert Nilsson in neutral zone.
1:02 of 3rd period - Slapshot by Jason Spezza.
1:02 of 3rd period - Shot Blocked by Chris Campoli.
1:12 of 3rd period - Jamie Langenbrunner is hit by Sean Bergenheim and loses puck.
1:19 of 3rd period - Sean Bergenheim is hit by John Carlson and loses puck.
1:36 of 3rd period - Wrist shot by Dominic Moore.
1:36 of 3rd period - Goal by Dominic Moore - Red Wings : 2 - Blackhawks : 2.
1:37 of 3rd period - Jason Spezza wins face-off versus Robert Nilsson in neutral zone.
1:46 of 3rd period - Snap shot by Robert Nilsson.
1:46 of 3rd period - Goal by Robert Nilsson - Red Wings : 2 - Blackhawks : 3.
1:47 of 3rd period - Robert Nilsson wins face-off versus Jason Spezza in neutral zone.
1:52 of 3rd period - Snap shot by Steve Bernier.
1:52 of 3rd period - Shot Misses the Net.
1:54 of 3rd period - Snap shot by Henrik Zetterberg.
1:54 of 3rd period - Stopped by Jonathan Quick without a rebound.
1:55 of 3rd period - Robert Nilsson wins face-off versus Jason Spezza in Red Wings zone.
2:00 of 3rd period - Wrist shot by Robert Nilsson.
2:00 of 3rd period - Shot Misses the Net.
2:06 of 3rd period - Snap shot by Henrik Zetterberg.
2:06 of 3rd period - Shot Misses the Net.
2:08 of 3rd period - Snap shot by Henrik Zetterberg.
2:08 of 3rd period - Shot Misses the Net.
2:10 of 3rd period - Wrist shot by Steve Bernier.
2:10 of 3rd period - Shot Misses the Net.
2:12 of 3rd period - Snap shot by Steve Bernier.
2:12 of 3rd period - Stopped by Jonathan Quick without a rebound.
2:13 of 3rd period - Mike Richards wins face-off versus Scott Gomez in Red Wings zone.
2:17 of 3rd period - Paul Martin is hit by Scott Gomez.
2:22 of 3rd period - Minor Penalty to Scott Gomez for Tripping.
2:23 of 3rd period - Jason Spezza wins face-off versus Dominic Moore in Blackhawks zone.
2:31 of 3rd period - Slapshot by Rick Nash.
2:31 of 3rd period - Shot Misses the Net.
3:28 of 3rd period - Mike Richards is hit by Johnny Oduya.
3:31 of 3rd period - Off-side.
3:32 of 3rd period - Mike Richards wins face-off versus Daniel Carcillo in neutral zone.
4:22 of 3rd period - Penalty to Scott Gomez is over, Scott Gomez is back on ice.
5:13 of 3rd period - Ossi Vaananen is hit by Daniel Carcillo and loses puck.
5:32 of 3rd period - Wrist shot by Mike Brown.
5:32 of 3rd period - Stopped by Roberto Luongo with a rebound.
5:42 of 3rd period - Paul Martin is hit by Scott Gomez.
5:50 of 3rd period - Wrist shot by Robert Dome.
5:50 of 3rd period - Stopped by Roberto Luongo with a rebound.
6:04 of 3rd period - Snap shot by Daniel Carcillo.
6:04 of 3rd period - Deflect By Carson Mcmillan.
6:04 of 3rd period - Shot Blocked by Paul Martin.
6:04 of 3rd period - Puck is out of play.
6:05 of 3rd period - Oleg Kvasha wins face-off versus Jason Spezza in Red Wings zone.
6:08 of 3rd period - Wrist shot by Oleg Kvasha.
6:08 of 3rd period - Stopped by Jonathan Quick without a rebound.
6:09 of 3rd period - Robert Nilsson wins face-off versus Martin Havlat in Red Wings zone.
6:14 of 3rd period - Slapshot by Ossi Vaananen.
6:14 of 3rd period - Stopped by Roberto Luongo without a rebound.
6:15 of 3rd period - Robert Nilsson wins face-off versus Jason Spezza in Blackhawks zone.
6:58 of 3rd period - Snap shot by Rick Nash.
6:58 of 3rd period - Stopped by Roberto Luongo without a rebound.
6:59 of 3rd period - Mike Richards wins face-off versus Scott Gomez in Blackhawks zone.
7:24 of 3rd period - John Carlson is hit by Shawn Horcoff and loses puck.
7:55 of 3rd period - Slapshot by Oleg Kvasha.
7:55 of 3rd period - Goal by Oleg Kvasha - Red Wings : 2 - Blackhawks : 4.
7:56 of 3rd period - Jason Spezza wins face-off versus Robert Nilsson in neutral zone.
8:05 of 3rd period - Snap shot by Rick Nash.
8:05 of 3rd period - Deflect By Martin Havlat.
8:05 of 3rd period - Shot Blocked by Henrik Zetterberg.
8:05 of 3rd period - Puck is out of play.
8:06 of 3rd period - Jason Spezza wins face-off versus Robert Nilsson in Blackhawks zone.
8:13 of 3rd period - Snap shot by Rick Nash.
8:13 of 3rd period - Shot Misses the Net.
8:31 of 3rd period - Snap shot by Rick Nash.
8:31 of 3rd period - Stopped by Roberto Luongo with a rebound.
8:33 of 3rd period - Minor Penalty to Steve Bernier for Slashing.
8:34 of 3rd period - Dominic Moore wins face-off versus Jason Spezza in Blackhawks zone.
8:43 of 3rd period - Jeff Schultz is hit by Rick Nash and loses puck.
10:33 of 3rd period - Penalty to Steve Bernier is over, Steve Bernier is back on ice.
10:40 of 3rd period - Snap shot by Daniel Carcillo.
10:40 of 3rd period - Stopped by Jonathan Quick without a rebound.
10:41 of 3rd period - Brian Sutherby wins face-off versus Robert Nilsson in Red Wings zone.
10:41 of 3rd period - Brian Sutherby is hit by Alexander Sulzer.
11:49 of 3rd period - Oleg Kvasha is hit by Mike Richards and loses puck.
12:10 of 3rd period - Robert Nilsson is hit by Carson Mcmillan and loses puck.
12:20 of 3rd period - Snap shot by Henrik Zetterberg.
12:20 of 3rd period - Shot Blocked by Brian Sutherby.
12:38 of 3rd period - Wrist shot by Shawn Horcoff.
12:38 of 3rd period - Stopped by Roberto Luongo with a rebound.
13:17 of 3rd period - Snap shot by Oleg Kvasha.
13:17 of 3rd period - Stopped by Jonathan Quick with a rebound.
13:19 of 3rd period - Wrist shot by Sheldon Keefe.
13:19 of 3rd period - Stopped by Jonathan Quick with a rebound.
13:33 of 3rd period - Slapshot by Henrik Zetterberg.
13:33 of 3rd period - Goal by Henrik Zetterberg - Red Wings : 2 - Blackhawks : 5.
13:34 of 3rd period - Robert Nilsson wins face-off versus Jason Spezza in neutral zone.
13:37 of 3rd period - Richard Jackman is hit by Steve Bernier.
13:43 of 3rd period - Slapshot by Rick Nash.
13:43 of 3rd period - Shot Misses the Net.
14:04 of 3rd period - Snap shot by Scott Gomez.
14:04 of 3rd period - Deflect By Jamie Langenbrunner.
14:04 of 3rd period - Shot Misses the Net.
14:04 of 3rd period - Puck is out of play.
14:05 of 3rd period - Jason Spezza wins face-off versus Scott Gomez in Red Wings zone.
14:50 of 3rd period - Snap shot by Chris Higgins.
14:50 of 3rd period - Stopped by Jonathan Quick with a rebound.
15:59 of 3rd period - Carson Mcmillan is hit by Jeff Schultz and loses puck.
16:27 of 3rd period - Off-side.
16:28 of 3rd period - Mike Richards wins face-off versus Scott Gomez in neutral zone.
16:37 of 3rd period - Snap shot by Sean Bergenheim.
16:37 of 3rd period - Deflect By Mike Richards.
16:37 of 3rd period - Shot Blocked by Wes O'Neill.
16:37 of 3rd period - Puck is out of play.
16:38 of 3rd period - Scott Gomez wins face-off versus Jason Spezza in Blackhawks zone.
17:57 of 3rd period - Slapshot by Scott Gomez.
17:57 of 3rd period - Shot Misses the Net.
17:59 of 3rd period - Snap shot by Kris Versteeg.
17:59 of 3rd period - Deflect By Scott Gomez.
17:59 of 3rd period - Stopped by Jonathan Quick without a rebound.
18:00 of 3rd period - Robert Nilsson wins face-off versus Martin Havlat in Red Wings zone.
18:16 of 3rd period - Off-side.
18:17 of 3rd period - Dominic Moore wins face-off versus Shawn Horcoff in neutral zone.
18:22 of 3rd period - Slapshot by Johnny Oduya.
18:22 of 3rd period - Stopped by Jonathan Quick with a rebound.
18:30 of 3rd period - Chris Higgins is hit by Robert Dome and loses puck.
19:22 of 3rd period - Snap shot by Robert Dome.
19:22 of 3rd period - Deflect By Shawn Horcoff.
19:22 of 3rd period - Stopped by Roberto Luongo without a rebound.
19:23 of 3rd period - Oleg Kvasha wins face-off versus Shawn Horcoff in Blackhawks zone.
19:23 of 3rd period - Oleg Kvasha is hit by Lee Stempniak.
19:28 of 3rd period - Off-side.
19:29 of 3rd period - Robert Nilsson wins face-off versus Jason Spezza in neutral zone.
Goals for this period are 1 for Red Wings vs 4 for Blackhawks.
Shots for this period are 8 for Red Wings vs 13 for Blackhawks.
Output by the SimonT Hockey Simulator (STHS) for François Prévost -- Original Page W3C XHTML 1.0 Valid